 Dungeon Crawl Stone Soup version 0.25-a0-55-g0753fd1ad2 (webtiles) character file.

Game seed: 4601536001263603546, levelgen mode: deterministic

385 Arixos the Sneak (level 6, -3/52 HPs)
             Began as a Naga Enchanter on Oct 25, 2019.
             Slain by a sky beast (5 damage)
             ... on level 4 of the Dungeon.
             The game lasted 00:21:47 (4755 turns).

Arixos the Sneak (Naga Enchanter)                   Turns: 4755, Time: 00:21:47

Health: -3/52      AC:  4    Str: 11    XL:     6   Next: 77%
Magic:  10/10      EV:  9    Int: 15    God:
Gold:   194        SH:  0    Dex: 13    Spells: 5/10 levels left

rFire    . . .     SeeInvis +   o - +0 rapier
rCold    . . .     Gourm    .   (no shield)
rNeg     . . .     Faith    .   x - +0 ring mail
rPois    +         Spirit   .   (no helmet)
rElec    .         Reflect  .   (no cloak)
rCorr    .         Harm     .   (no gloves)
MR       .....                  (no barding)
Stlth    ++........             (no amulet)
HPRegen  0.17/turn              (no ring)
MPRegen  0.12/turn              (no ring)

@: about to teleport, invisible, very slow
A: large, see invisible, deformed body, poison resistance, slowness 2, slow
metabolism 1, spit poison 1, AC +2
a: Spit Poison


You were on level 4 of the Dungeon.
You were hungry.

You visited 1 branch of the dungeon, and saw 5 of its levels.

You collected 194 gold pieces.

Inventory:

Hand Weapons
 a - a +1 dagger
 o - a +0 rapier (weapon)
Missiles
 e - 6 silver boomerangs
 j - 5 atropa-tipped darts (quivered)
 k - 7 poisoned darts
Armour
 x - a +0 ring mail (worn)
Scrolls
 g - 2 scrolls of identify
 i - 3 scrolls of remove curse
 t - a scroll of amnesia
Potions
 c - a potion of mutation {unknown}
 f - a potion of degeneration {unknown}
 h - a potion of berserk rage {unknown}
 p - a potion of curing {unknown}
 q - a potion of lignification {unknown}
 r - a potion of agility {unknown}
 u - a potion of haste {unknown}
 v - a potion of resistance {unknown}
Comestibles
 d - 8 rations


   Skills:
 + Level 1.7 Fighting
 + Level 2.5 Short Blades
 + Level 1.6 Armour
 + Level 2.5 Dodging
 + Level 5.7 Stealth
 + Level 2.9 Spellcasting
 + Level 3.8 Hexes
 + Level 1.9 Ice Magic


You had 5 spell levels left.
You knew the following spells:

 Your Spells              Type           Power        Failure   Level  Hunger
a - Ensorcelled Hibernat  Hex/Ice        ##....       22%         2    ##.....
c - Confuse               Hex            ##......     28%         3    ###....

Your spell library contained the following spells:

 Spells                   Type           Power        Failure   Level  Hunger
 Corona                   Hex            ##.....      10%         1    #......
 Tukima's Dance           Hex            ##......     28%         3    ###....
 Dazzling Spray           Conj/Hex       #.....       54%         3    ###....


Dungeon Overview and Level Annotations

Branches:
Dungeon (5/15)
 Temple: D:4-7

Altars:
Okawaru
Wu Jian

Annotations:
D:2 1 runed translucent door, Crazy Yiuf


Innate Abilities, Weirdness & Mutations

You cannot wear boots.
Your serpentine skin is tough. (AC +2)
You have supernaturally acute eyesight. (SInv)
Armour fits poorly on your strangely shaped body.
Your system is resistant to poisons. (rPois)
You cover ground very slowly.
You have a slow metabolism.
You can spit poison.


Message History

The orc hits you with a +0 hand axe. The orc priest barely misses you.
The sky beast hits you. The sky beast shocks you. The yak gores you.
* * * LOW HITPOINT WARNING * * *
As you read the scroll labeled YCE SUCLEKK, it crumbles to dust.
You feel strangely unstable.
It was a scroll of teleportation.
The orc hits you with a +0 hand axe.
* * * LOW HITPOINT WARNING * * *
The orc priest hits you.
* * * LOW HITPOINT WARNING * * *
The sky beast hits you but does no damage.
The yak gores you.
* * * LOW HITPOINT WARNING * * *
It was a potion of invisibility.
You fade into invisibility!
The orc closely misses you. The orc priest hits you.
* * * LOW HITPOINT WARNING * * *
The sky beast hits you.
* * * LOW HITPOINT WARNING * * *
The sky beast shocks you.
You die...

..................#..#
.#####....<....#..#..# .#
###.#.#.###.#..#..# ##
#...#.#.# #....#..###**
###.#.#.#.# #.........,,*
##...#...#.###....#..##*,*
รท#.#####.............# *,*
.....#...#.....YYo...#**,*
.###.#.#.#.###.#@###...*,**
#........#.###.#o#**,*,,,,****
.#####.###..##.#oo,,,,,,,,,,,*
## #.####.##.#a.#****,,,**,* #
#.........#..# **,***,*
######.####..# *,***,* #.#
#..# *,,,,,** #.# *#..#**
*****,,* #.# *,,,,,* *,,*


You could see a yak, a sky beast, a worker ant, an orc priest, an orc wizard and
2 orcs.

Vanquished Creatures
  2 orc priests
  2 centaur skeletons (D:4)
  A bullfrog skeleton (D:4)
  An orc wizard (D:3)
  6 gnolls (D:3)
  5 adders
  2 oozes (D:3)
  2 worms
  A dart slug (D:1)
  3 leopard geckos
  11 orcs (D:3)
  A ball python (D:3)
  8 bats
  3 giant cockroaches
  9 goblins
  6 hobgoblins
  3 quokkas
  3 frilled lizards
  14 kobolds
  10 rats
93 creatures vanquished.

Notes
Turn   | Place    | Note
-------+----------+-------------------------------------------
     0 | D:1      | Arixos the Naga Enchanter began the quest for the Orb.
     0 | D:1      | Reached XP level 1. HP: 15/15 MP: 3/3
   116 | D:1      | Reached XP level 2. HP: 11/22 MP: 5/5
   272 | D:1      | Learned a level 2 spell: Ensorcelled Hibernation
   685 | D:1      | Reached XP level 3. HP: 30/30 MP: 6/6
  2281 | D:2      | Reached XP level 4. HP: 37/37 MP: 7/7
  2366 | D:2      | Learned a level 3 spell: Confuse
  2397 | D:2      | Found an ornate altar of the Wu Jian Council.
  2642 | D:2      | Found a runed translucent door.
  2643 | D:2      | Noticed Crazy Yiuf
  2774 | D:3      | Reached skill level 1 in Fighting
  2823 | D:3      | Reached skill level 1 in Armour
  2823 | D:3      | Reached skill level 1 in Ice Magic
  3132 | D:3      | Reached skill level 5 in Stealth
  3175 | D:3      | Found an iron altar of Okawaru.
  3251 | D:3      | Reached XP level 5. HP: 41/44 MP: 8/8
  3299 | D:3      | HP: 1/44 [orc wizard/puff of flame (3)]
  3687 | D:3      | Reached XP level 6. HP: 32/51 MP: 8/10
  4733 | D:5      | Entered Level 5 of the Dungeon
  4733 | D:5      | Noticed a yak
  4733 | D:5      | Noticed a sky beast
  4755 | D:4      | HP: 2/52 [sky beast (2)]
  4755 | D:4      | Slain by a sky beast

Levels and vault maps discovered:
D:1:      psy_arrival_conway, layout_loops_ring
D:2:      layout_basic, overflow_temple_1_default, first_ration,
          uniq_crazy_yiuf_cottage
D:3:      layout_basic, okawaru_metal_pillars_1_2
D:4:      layout_loops_ring, gammafunk_temple_overflow_forgotten,
          item_on_display_b
D:5:      layout_gridville, minmay_between, uniq_pikel, uniq_blork_the_orc,
          uniq_grinder, uniq_edmund

Table legend:
 A = Non-vault XP
 B = Vault XP
 C = Vault XP percentage of total XP
 D = Non-vault monster count
 E = Vault monster count
 F = Vault count percentage of total count
                 A         B        C        D         E       F
            +---------+---------+-------+---------+---------+-------
      Total |     550 |       0 |   0.0 |      93 |       0 |   0.0
            +---------+---------+-------+---------+---------+-------
        D:1 |      46 |       0 |   0.0 |      28 |       0 |   0.0
        D:2 |      52 |       0 |   0.0 |      22 |       0 |   0.0
        D:3 |     275 |       0 |   0.0 |      37 |       0 |   0.0
        D:4 |     136 |       0 |   0.0 |       5 |       0 |   0.0
        D:5 |      41 |       0 |   0.0 |       1 |       0 |   0.0
            +---------+---------+-------+---------+---------+-------
